 Dungeon Crawl Stone Soup version 0.23.2-40-g277498a001 (webtiles) character file.

Game seed: 14459560076959401402

479 Emblim88 the Grasshopper (level 7, -1/56 HPs)
             Began as a Gnoll Warper on Aug 26, 2019.
             Succumbed to an orc wizard's poison
             ... on level 4 of the Dungeon.
             The game lasted 00:06:13 (3901 turns).

Emblim88 the Grasshopper (Gnoll Warper)             Turns: 3901, Time: 00:06:13

Health: -1/56      AC:  3    Str: 13      XL:     7   Next: 11%
Magic:  15/15      EV: 16    Int: 18 (20) God:
Gold:   183        SH:  0    Dex: 23      Spells: 6/17 levels left

rFire    x . .     SeeInvis .   a - +0 falchion
rCold    + . .     Gourm    .   (no shield)
rNeg     . . .     Faith    .   l - +1 robe "Gakki" {+Inv rCorr Dex+6}
rPois    .         Spirit   .   (no helmet)
rElec    .         Reflect  .   (no cloak)
rCorr    +         Harm     .   (no gloves)
MR       .....                  (no boots)
Stlth    +++.......             (no amulet)
HPRegen  0.18/turn              c - ring of ice
MPRegen  0.14/turn              (no ring)

@: brilliant, lethally poisoned (-1 -> -40)
A: distributed training, fangs 1, strong nose
a: Evoke Invisibility


You were on level 4 of the Dungeon.
You were not hungry.

You visited 1 branch of the dungeon, and saw 4 of its levels.

You collected 183 gold pieces.

Inventory:

Hand Weapons
 a - a +0 falchion (weapon)
 h - a +1 whip of venom
 u - a +0 dagger
Missiles
 e - 5 tomahawks of dispersal (quivered)
 w - 2 tomahawks
Armour
 b - a +0 leather armour
 l - the +1 robe "Gakki" (worn) {+Inv rCorr Dex+6}
   (You found it on level 4 of the Dungeon)

   It affects your dexterity (+6).
   It lets you turn invisible.
   It provides partial protection from all sources of acid and corrosion.
 x - a +0 shield
Jewellery
 c - a ring of ice (left hand)
Wands
 i - a wand of flame (20)
 t - a wand of polymorph (8)
Scrolls
 d - a scroll of blinking
 g - a scroll of amnesia {unknown}
 j - 2 scrolls of random uselessness
 q - 2 scrolls of teleportation
Potions
 r - a potion of invisibility
 s - a potion of cancellation
Comestibles
 f - 2 rations
 m - 4 chunks of flesh


   Skills:
 + Level 5.1 Fighting
 + Level 2.2 Short Blades
 + Level 5.1 Long Blades
 + Level 2.2 Axes
 + Level 2.2 Maces & Flails
 + Level 2.2 Polearms
 + Level 2.2 Staves
 + Level 2.2 Slings
 + Level 2.2 Bows
 + Level 2.2 Crossbows
 + Level 3.4 Throwing
 + Level 3.4 Armour
 + Level 5.1 Dodging
 + Level 2.2 Stealth
 + Level 2.2 Shields
 + Level 2.2 Unarmed Combat
 + Level 5.5 Spellcasting
 + Level 1.8 Conjurations
 + Level 1.8 Hexes
 + Level 1.8 Charms
 + Level 1.8 Summonings
 + Level 1.8 Necromancy
 + Level 5.7 Translocations
 + Level 1.8 Transmutations
 + Level 1.8 Fire Magic
 + Level 1.8 Ice Magic
 + Level 1.8 Air Magic
 + Level 1.8 Earth Magic
 + Level 1.8 Poison Magic
 + Level 2.5 Invocations
 + Level 2.2 Evocations


You had 6 spell levels left.
You knew the following spells:

 Your Spells              Type           Power        Failure   Level  Hunger
a - Blink                 Tloc           N/A          1%          2    #......
b - Teleport Other        Tloc           #####...     1%          3    ##.....
c - Shroud of Golubria    Chrm/Tloc      ####......   1%          2    #......
d - Passage of Golubria   Tloc           N/A          1%          4    ####...

Your spell library contained the following spells:

 Spells                   Type           Power        Failure   Level  Hunger
 Gell's Gravitas          Tloc           #####.....   1%          3    ##.....
 Lesser Beckoning         Tloc           #####.....   1%          3    ##.....


Dungeon Overview and Level Annotations

Branches:
Dungeon (4/15)
 Temple: D:4-7

Altars:

Annotations:
D:3 1 runed translucent door, Folks's ghost, amateur DgCj


Innate Abilities, Weirdness & Mutations

Your experience applies equally to all skills.
You have very sharp teeth.
Your uncanny sense of smell can sniff out nearby items.


Message History

The orc priest is moderately wounded.
You feel sick. Something hits you.
You are lethally poisoned!
The orc priest misses you. The orc misses you.
Something hits you but does no damage.
You are more poisoned.
It was a potion of magic.
Magic courses through your body.
* * * LOW HITPOINT WARNING * * *
You feel very sick.
The orc priest calls down the wrath of Beogh upon you.
Beogh smites you!
* * * LOW HITPOINT WARNING * * *
Something hits you but does no damage.
You are more poisoned.
The orc misses you.
Okay, then.
As you read the scroll labeled VILANN BIXIT, it crumbles to dust.
The creatures around you are filled with an inner flame!
It was a scroll of immolation.
You die...

#######.......#
#.....#.......#
#.....#.......#
#.....#.......#
#.....#.......#
#.....#.......#
####....#.......####
..##..(.#.......#{.#
........#......(@oo#
..†.....'.......#o.#
.....>..#.......#..#
........#.......#..#
..##....#.......#..#
..##....#.......#..+
...'....#.......#..#
...#....#.......#..#
...#....'......)+..#


You could see an orc priest (inner flame) and 2 orcs.

Vanquished Creatures
  A phantom (D:4)
  An ogre (D:4)
  A bullfrog (D:3)
  A gnoll sergeant (D:2)
  A bullfrog zombie (D:4)
  A howler monkey skeleton (D:3)
  5 adders
  2 oozes
  4 worms (D:2)
  A dart slug (D:2)
  3 leopard geckos
  4 orcs
  A ball python (D:2)
  8 giant cockroaches
  7 goblins
  8 hobgoblins
  5 jackals
  4 quokkas
  5 bats
  5 frilled lizards
  8 kobolds
  8 rats
84 creatures vanquished.

Notes
Turn   | Place    | Note
-------+----------+-------------------------------------------
     0 | D:1      | Emblim88 the Gnoll Warper began the quest for the Orb.
     0 | D:1      | Reached XP level 1. HP: 20/20 MP: 6/6
   204 | D:1      | Reached XP level 2. HP: 26/26 MP: 7/7
   392 | D:1      | Reached XP level 3. HP: 29/31 MP: 9/9
   477 | D:1      | Reached skill level 5 in Spellcasting
   581 | D:1      | Learned a level 2 spell: Blink
   585 | D:1      | Learned a level 3 spell: Teleport Other
   881 | D:2      | Noticed a gnoll sergeant
   897 | D:2      | Killed a gnoll sergeant
   897 | D:2      | Reached skill level 1 in Short Blades
   897 | D:2      | Reached skill level 1 in Axes
   897 | D:2      | Reached skill level 1 in Maces & Flails
   897 | D:2      | Reached skill level 1 in Polearms
   897 | D:2      | Reached skill level 1 in Staves
   897 | D:2      | Reached skill level 1 in Slings
   897 | D:2      | Reached skill level 1 in Bows
   897 | D:2      | Reached skill level 1 in Crossbows
   897 | D:2      | Reached skill level 1 in Stealth
   897 | D:2      | Reached skill level 1 in Shields
   897 | D:2      | Reached skill level 1 in Unarmed Combat
   897 | D:2      | Reached skill level 1 in Conjurations
   897 | D:2      | Reached skill level 1 in Hexes
   897 | D:2      | Reached skill level 1 in Charms
   897 | D:2      | Reached skill level 1 in Summonings
   897 | D:2      | Reached skill level 1 in Necromancy
   897 | D:2      | Reached skill level 1 in Transmutations
   897 | D:2      | Reached skill level 1 in Fire Magic
   897 | D:2      | Reached skill level 1 in Ice Magic
   897 | D:2      | Reached skill level 1 in Air Magic
   897 | D:2      | Reached skill level 1 in Earth Magic
   897 | D:2      | Reached skill level 1 in Poison Magic
   897 | D:2      | Reached skill level 1 in Invocations
   897 | D:2      | Reached skill level 1 in Evocations
   897 | D:2      | Reached XP level 4. HP: 5/38 MP: 11/11
  1359 | D:2      | Reached XP level 5. HP: 31/43 MP: 12/12
  1607 | D:2      | Found a faded altar of an unknown god.
  2636 | D:3      | Found a runed translucent door.
  2641 | D:3      | Noticed Folks's ghost (amateur DgCj)
  2948 | D:3      | Reached XP level 6. HP: 43/50 MP: 13/13
  3278 | D:4      | Noticed a phantom
  3282 | D:4      | Learned a level 2 spell: Shroud of Golubria
  3335 | D:4      | Killed a phantom
  3335 | D:4      | Reached skill level 5 in Fighting
  3335 | D:4      | Reached skill level 5 in Long Blades
  3335 | D:4      | Reached skill level 5 in Dodging
  3577 | D:4      | Learned a level 4 spell: Passage of Golubria
  3656 | D:4      | Got a colourful robe
  3667 | D:4      | Identified the +1 robe "Gakki" {+Inv rCorr Dex+6} (You
                  | found it on level 4 of the Dungeon)
  3824 | D:4      | Reached XP level 7. HP: 44/56 MP: 15/15
  3900 | D:4      | HP: 1/56 [orc priest/divine providence (15)]
  3901 | D:4      | Succumbed to an orc wizard's poison

Skill      XL: |  1  2  3  4  5  6 |
---------------+-------------------+-----
Spellcasting   | 5 |  5.5
Short Blades   | 1 2 |  2.2
Axes           | 1 2 |  2.2
Maces & Flails | 1 2 |  2.2
Polearms       | 1 2 |  2.2
Staves         | 1 2 |  2.2
Slings         | 1 2 |  2.2
Bows           | 1 2 |  2.2
Crossbows      | 1 2 |  2.2
Stealth        | 1 2 |  2.2
Shields        | 1 2 |  2.2
Unarmed Combat | 1 2 |  2.2
Conjurations   | 1 |  1.8
Hexes          | 1 |  1.8
Charms         | 1 |  1.8
Summonings     | 1 |  1.8
Necromancy     | 1 |  1.8
Transmutations | 1 |  1.8
Fire Magic     | 1 |  1.8
Ice Magic      | 1 |  1.8
Air Magic      | 1 |  1.8
Earth Magic    | 1 |  1.8
Poison Magic   | 1 |  1.8
Invocations    | 1 2 |  2.5
Evocations     | 1 2 |  2.2
Throwing       | 3 |  3.4
Armour         | 3 |  3.4
Fighting       | 5 |  5.1
Long Blades    | 5 |  5.1
Dodging        | 5 |  5.1
Translocations | |  5.7

Action                   |  1- 3 |  4- 6 |  7- 9 || total
-------------------------+-------+-------+-------++-------
Melee: Whip              |    85 |   168 |       ||   253
       Falchion          |     4 |    25 |    10 ||    39
       Bite              |     6 |    33 |     4 ||    43
       Punch             |       |     3 |       ||     3
       Unarmed           |       |     3 |       ||     3
 Cast: Shroud of Golubri |       |       |     1 ||     1
  Use: Potion            |     1 |     4 |     3 ||     8
       Scroll            |     1 |     2 |     1 ||     4
 Stab: Sleeping          |       |     5 |       ||     5
  Eat: Ration            |       |     2 |       ||     2
       Chunk             |       |     3 |       ||     3
Armor: Leather armour    |    18 |    17 |       ||    35
       Robe              |       |     2 |     2 ||     4
Dodge: Dodged            |    73 |   119 |    14 ||   206
Block: Shield            |       |     5 |       ||     5
       Rpst.: Falchion   |     1 |     4 |     4 ||     9
